 Dungeon Crawl Stone Soup version 0.22.0-16-gc6d26f6 (webtiles) character file.

307 Faca the Spear-Bearer (level 6, -2/49 HPs)
             Began as a Merfolk Gladiator on Aug 17, 2018.
             Killed from afar by an orc wizard (5 damage)
             ... with a magic dart
             ... on level 4 of the Dungeon.
             The game lasted 00:05:40 (3111 turns).

Faca the Spear-Bearer (Merfolk Gladiator)           Turns: 3111, Time: 00:05:40

Health: -2/49      AC:  7    Str: 16    XL:     6   Next: 40%
Magic:  6/6        EV: 13    Int:  7    God:
Gold:   144        SH:  0    Dex: 16    Spells: 5/5 levels left

rFire    . . .     SeeInvis .   a - +0 trident
rCold    . . .     Gourm    .   (no shield)
rNeg     . . .     Faith    .   u - +0 ring mail
rPois    .         Spirit   .   c - +0 helmet
rElec    .         Reflect  .   v - +0 cloak
rCorr    .         Harm     .   (no gloves)
MR       .....                  (no boots)
Stlth    +.........             (no amulet)
HPRegen  0.16/turn              (no ring)
MPRegen  0.10/turn              (no ring)

@: no status effects
A: change form in water, swift swim, stealthy swim
a: no special abilities


You were on level 4 of the Dungeon.
You were not hungry.

You visited 1 branch of the dungeon, and saw 4 of its levels.

You collected 144 gold pieces.

Inventory:

Hand Weapons
 a - a +0 trident (weapon)
Missiles
 b - 5 tomahawks (quivered)
 d - 3 throwing nets
Armour
 c - a +0 helmet (worn)
 f - a +0 chain mail
 u - a +0 ring mail (worn)
 v - a +0 cloak (worn)
Jewellery
 j - an uncursed ring of protection from cold {unknown}
 t - an uncursed amulet of faith {unknown}
Wands
 x - a wand of acid (7)
 y - a wand of clouds (3)
Scrolls
 e - 2 scrolls of enchant weapon {unknown}
 h - a scroll of immolation {unknown}
 k - 2 scrolls of fog {unknown}
 n - 2 scrolls of identify {unknown}
 q - 2 scrolls of remove curse {unknown}
 s - a scroll of amnesia {unknown}
 w - a scroll of blinking {unknown}
 z - 3 scrolls of random uselessness {unknown}
Potions
 g - a potion of heal wounds {unknown}
 i - a potion of flight {unknown}
 l - a potion of resistance {unknown}
 m - 2 potions of curing {unknown}
 o - a potion of agility
 p - a potion of degeneration {unknown}
 r - a potion of lignification {unknown}


   Skills:
 + Level 4.4 Fighting
 * Level 8.6 Polearms
 - Level 2.0 Throwing
 - Level 4.0 Dodging


You had 5 spell levels left.
You didn't know any spells.
Your spell library was empty.

Dungeon Overview and Level Annotations

Branches:
Dungeon (4/15)
 Temple: D:4-7

Altars:


Message History

The orc wizard is severely wounded.
The orc wizard hits you but does no damage.
You closely miss the orc wizard.
The orc wizard is severely wounded.
The orc wizard closely misses you.
The orc wizard gestures wildly while chanting.
The orc wizard blinks!
The orc wizard casts a spell.
The orc wizard seems to speed up.
There is an open door here.
You closely miss the orc wizard.
The orc wizard is severely wounded.
The orc wizard mumbles some strange words.
The orc wizard blinks!
The orc wizard gestures at you while chanting.
The magic dart hits you!
* * * LOW HITPOINT WARNING * * *
The orc wizard gestures at you while chanting.
The magic dart hits you!
You die...

#.... #.#.# #######
###### #.#.# #.....#
......##.#.# #.....#
#....##.#.# #...o.#
#....##.#.# #.....#
#.#....##.#.###.....#
#.#....##..r..#.....#
#.#.........#r#.@...#
#.#.....#...#Z###'###
#.#.....#...#...#ยง#
#.#.....#.#####o#.#
#.##...####.....#.#
..ow......#.#####.#
#'#######.#...o...#
.....o..#.#########
.......ro.....#


You could see an orc wizard.

Vanquished Creatures
  A howler monkey (D:4)
  4 orc wizards (D:3)
  A gnoll (D:1)
  6 adders
  2 worms
  A dart slug (D:3)
  A leopard gecko (D:1)
  13 orcs
  5 giant cockroaches
  7 goblins
  10 hobgoblins
  2 jackals (D:1)
  3 quokkas
  2 ball pythons
  A bat (D:1)
  2 frilled lizards
  10 kobolds
  A leopard gecko skeleton (D:4)
  9 rats
81 creatures vanquished.

Notes
Turn   | Place    | Note
-------+----------+-------------------------------------------
     0 | D:1      | Faca the Merfolk Gladiator began the quest for the Orb.
     0 | D:1      | Reached XP level 1. HP: 16/16 MP: 1/1
    24 | D:1      | Reached skill level 5 in Polearms
    24 | D:1      | Reached XP level 2. HP: 11/23 MP: 2/2
   388 | D:1      | Reached XP level 3. HP: 28/28 MP: 3/3
  1037 | D:2      | Reached skill level 6 in Polearms
  1080 | D:2      | Reached XP level 4. HP: 30/35 MP: 4/4
  1982 | D:3      | Reached skill level 7 in Polearms
  1982 | D:3      | Reached XP level 5. HP: 29/41 MP: 5/5
  2411 | D:3      | Reached skill level 8 in Polearms
  2427 | D:3      | Reached XP level 6. HP: 46/48 MP: 6/6
  3111 | D:4      | Killed from afar by an orc wizard

Skill      XL: |  1  2  3  4  5 |
---------------+----------------+-----
Polearms       | 5 6 7 8 |  8.6
Fighting       | 3 4 |  4.4
Throwing       | |  2.0
Dodging        | |  4.0

Action                   |  1- 3 |  4- 6 || total
-------------------------+-------+-------++-------
Melee: Trident           |    74 |   221 ||   295
Throw: Tomahawk          |       |     2 ||     2
 Stab: Sleeping          |     1 |     1 ||     2
  Eat: Chunk             |     1 |     2 ||     3
       Ration            |       |     2 ||     2
Armor: Leather armour    |    11 |    13 ||    24
       Ring mail         |       |    29 ||    29
Dodge: Dodged            |    34 |    88 ||   122
